 Dungeon Crawl Stone Soup version 0.25-a0-294-gea9b1ad (webtiles) character file.

Game seed: 12101582945687365062, levelgen mode: deterministic

634 araganzar the Sneak (level 7, -5/67 HPs)
             Began as a Naga Chaos Knight on Dec 17, 2019.
             Was a Plaything of Xom.
             Slain by Menkaure (16 damage)
             ... on level 4 of the Dungeon.
             The game lasted 00:24:09 (4674 turns).

araganzar the Sneak (Naga Chaos Knight)             Turns: 4674, Time: 00:24:12

Health: -5/67      AC:  7    Str: 14 (17) XL:     7   Next: 49%
Magic:  7/7        EV:  8    Int: 15 (16) God:    Xom [.*....]
Gold:   53         SH:  0    Dex:  9 (10) Spells: 6/6 levels left

rFire    . . .     SeeInvis +   v - +5 spear of the Neverending Queens {freeze, rC+}
rCold    + + .     Gourm    .   (no shield)
rNeg     + . .     Faith    .   p - +1 ring mail {rN+}
rPois    +         Spirit   .   k - +0 hat
rElec    +         Reflect  .   (no cloak)
rCorr    .         Harm     .   (no gloves)
MR       .....                  (no barding)
Stlth    ++........             (no amulet)
HPRegen  0.21/turn              (no ring)
MPRegen  0.10/turn              (no ring)

@: hasted, quick
A: large, horns 1, see invisible, clever 2, cold resistance 1, deformed body,
poison resistance, shaggy fur 1, electricity resistance, slowness 2, slow
metabolism 1, spit poison 2, AC +2
a: Breathe Poison Gas, Renounce Religion


You were on level 4 of the Dungeon.
You worshipped Xom.
You were a plaything of Xom.
You were not hungry.

You visited 1 branch of the dungeon, and saw 5 of its levels.

You collected 229 gold pieces.
You spent 176 gold pieces at shops.


Innate Abilities, Weirdness & Mutations

You cannot wear boots.
Your serpentine skin is tough. (AC +2)
You have supernaturally acute eyesight. (SInv)
Armour fits poorly on your strangely shaped body.
Your system is resistant to poisons. (rPois)
You cover ground very slowly.
You have a slow metabolism.
You can exhale a cloud of poison.
You have a pair of small horns on your head.
Your mind is very acute. (Int +4)
Your flesh is cold resistant. (rC+)
You are covered in fur. (AC +1)
You are resistant to electric shocks. (rElec)


   Skills:
 - Level 5.1 Fighting
 - Level 3.2 Long Blades
 - Level 1.6(2.3) Axes
 * Level 2.4(2.7) Polearms
 - Level 0.1(1.1) Slings
 - Level 2.0 Throwing
 - Level 2.4 Armour
 - Level 0.7 Dodging
 + Level 6.4 Stealth


You had 6 spell levels left.
You didn't know any spells.
Your spell library was empty.

Inventory:

Hand Weapons
 a - a +1 falchion of chaos
 b - a +0 hunting sling
   (You found it on level 2 of the Dungeon)
 i - a +0 hand axe
   (You took it off an orc on level 3 of the Dungeon)
 r - a +0 glaive
   (Xom gifted it to you on level 3 of the Dungeon)
 s - a +1 antimagic whip
   (You took it off an orc on level 4 of the Dungeon)
 v - the +5 spear of the Neverending Queens (weapon) {freeze, rC+}
   (You bought it in a shop on level 4 of the Dungeon)

   It has been specially enchanted to freeze those struck by it, causing extra
   injury to most foes and up to half again as much damage against particularly
   susceptible opponents.
   It can also slow down cold-blooded creatures.
   It protects you from cold.
Missiles
 d - 114 stones
 e - 5 silver boomerangs (quivered)
 t - 4 boomerangs
Armour
 k - a +0 hat (worn)
   (You found it on level 1 of the Dungeon)
 o - a +0 robe
   (You took it off an orc wizard on level 4 of the Dungeon)
 p - a +1 ring mail of positive energy (worn)
   (You took it off an orc on level 3 of the Dungeon)
 q - a +0 chain mail
   (You found it on level 3 of the Dungeon)
Jewellery
 f - the ring "Oshribes" {*Tele rF+ MR++}
   (You found it on level 4 of the Dungeon)

   [ring of teleportation]

   It may teleport you next to monsters.
   It protects you from fire.
   It affects your resistance to hostile enchantments.
Scrolls
 g - a scroll of fog
 u - a scroll of blinking {unknown}
 w - a scroll of immolation {unknown}
 y - a scroll of enchant weapon
 z - 2 scrolls of noise {unknown}
Potions
 h - a potion of cancellation {unknown}
 l - a potion of degeneration {!q}
 m - a potion of brilliance {unknown}
 x - a potion of flight {unknown}
Comestibles
 c - 7 rations
 A - 2 chunks of flesh {@w0}

....#...#...........#########....
.>.##..###a...##....##.....##....
#'###..#########....##.....##....
...##.........#...^.........+....
...#..........#.....##.....##....
...##..##.##..##....##.....####'#
...######.######....##.....##....
....#......#...#M.......>........
...##......#...#@...##.....##....
.[.##...####..##....##.....##....
...##...####..##....#......#.....
.........#....##...$##.....##....
...##....'....########.....##....
...##....#....#.....##.....##....
...########...##....##.....##....
...##...###...##.....#......#....
..............##....##......#....


You could see Menkaure.


Message History

Attack whom?
Aim: Menkaure (fast)
You reach to attack!
You hit Menkaure.
Attack whom?
Aim: Menkaure (lightly damaged, fast)
You hit Menkaure.
You headbutt Menkaure, but do no damage.
Menkaure hits you!
* * * LOW HITPOINT WARNING * * *
You take 16 damage, and have 19/67 hp.
MASSIVE DAMAGE!!
Attack whom?
Aim: Menkaure (moderately damaged, fast)
You hit Menkaure but do no damage.
You headbutt Menkaure, but do no damage.
Menkaure hits you!
* * * LOW HITPOINT WARNING * * *
You take 8 damage, and have 11/67 hp.
It was a potion of degeneration.
There was something very wrong with that liquid.
You feel weakened.
You feel dopey.
You feel clumsy.
Xom roars with laughter!
It was a potion of curing.
You feel better. Menkaure hits you!
* * * LOW HITPOINT WARNING * * *
You take 5 damage, and have 6/67 hp.
You feel better. Menkaure hits you!
You die...
Xom chuckles heartily!

Action                   |  1- 3 |  4- 6 |  7- 9 || total
-------------------------+-------+-------+-------++-------
Melee: Falchion          |    86 |   216 |    12 ||   314
       Spear             |       |       |    31 ||    31
       Headbutt          |       |       |     6 ||     6
 Fire: Hunting sling     |       |    36 |       ||    36
Throw: Stone             |     6 |     1 |       ||     7
       Boomerang         |       |     5 |       ||     5
 Abil: Breathe Poison Ga |       |       |     6 ||     6
  Use: Scroll            |       |     6 |       ||     6
       Potion            |       |     2 |     4 ||     6
 Stab: Sleeping          |     3 |     1 |       ||     4
  Eat: Chunk             |       |     7 |     4 ||    11
Armor: Leather armour    |    41 |    71 |       ||   112
       Ring mail         |       |    17 |    14 ||    31
Dodge: Dodged            |    50 |   126 |    18 ||   194
       Rpst.: Falchion   |    15 |    42 |       ||    57

Levels and vault maps discovered:
D:1:      dpeg_arrival_signposts, layout_basic, nrook_campfire
D:2:      layout_basic, chequers_serial_rivers_micro_c, grunt_ministairs_8,
          minmay_lizard_king, uniq_natasha
D:3:      layout_basic, lemuel_round_altar, lemuel_another_geyser
D:4:      layout_gridville, serial_shops, shop, gup_sewer_entry_glass,
          makhleb_heckhound_becter, uniq_menkaure
D:5:      layout_gridville, first_ration, serial_shops, kennysheep_mini_moat,
          sigmund_army

Notes
Turn   | Place    | Note
-------+----------+-------------------------------------------
     0 | D:1      | araganzar the Naga Chaos Knight began the quest for the
                  | Orb.
     0 | D:1      | Reached XP level 1. HP: 21/21 MP: 1/1
    27 | D:1      | XOM: silly message
    99 | D:1      | Reached skill level 1 in Stealth
   123 | D:1      | XOM: silly message
   134 | D:1      | Reached XP level 2. HP: 18/28 MP: 2/2
   137 | D:1      | Reached skill level 2 in Stealth
   298 | D:1      | You fall into a shaft and drop 1 floor!
   305 | D:2      | XOM: noise
   315 | D:2      | XOM: harmless Ice miscast
   320 | D:2      | Reached skill level 3 in Stealth
   320 | D:2      | Reached XP level 3. HP: 14/34 MP: 3/3
   710 | D:1      | XOM: scenery: create altars
   923 | D:1      | XOM: mild Summ miscast
  1128 | D:1      | Reached XP level 4. HP: 38/44 MP: 4/4
  1339 | D:1      | Reached skill level 4 in Fighting
  1429 | D:2      | XOM: smoke on damage
  1454 | D:2      | XOM: harmless Fire miscast
  1663 | D:2      | Reached skill level 1 in Throwing
  1710 | D:2      | Reached skill level 4 in Stealth
  1843 | D:2      | XOM: mild Hex miscast
  1930 | D:2      | Noticed Natasha
  1962 | D:2      | XOM: mild Erth miscast
  2099 | D:2      | XOM: harmless Tloc miscast
  2131 | D:2      | XOM: harmless Tloc miscast
  2222 | D:2      | XOM: silly message
  2273 | D:3      | Reached XP level 5. HP: 50/50 MP: 5/5
  2442 | D:3      | XOM: enchant monster (bad)
  2494 | D:3      | Found an ancient bone altar of Kikubaaqudgha.
  2548 | D:4      | Reached skill level 2 in Armour
  2571 | D:4      | XOM: enchant monster (good)
  2585 | D:4      | Reached skill level 5 in Stealth
  2585 | D:4      | Reached XP level 6. HP: 20/58 MP: 6/6
  2590 | D:4      | XOM: divination: detect items
  2596 | D:4      | Reached skill level 1 in Axes
  2745 | D:4      | XOM: mild Necr miscast
  2813 | D:4      | Noticed Menkaure
  2868 | D:4      | Got a warped bone ring
  2869 | D:4      | Identified the ring "Oshribes" {*Tele rF+ MR++} (You found
                  | it on level 4 of the Dungeon)
  2883 | D:3      | XOM: divination: magic mapping
  2886 | D:3      | XOM: cast spell 'Summon Ice Beast'
  3022 | D:3      | XOM: mild Hex miscast
  3055 | D:3      | XOM: scenery: create altars
  3233 | D:3      | XOM: god gift: glaive {god gift}
  3294 | D:3      | XOM: give mutations
  3294 | D:3      | Gained mutation: Your mind is acute. (Int +2) [Xom's grace]
  3294 | D:3      | Gained mutation: You are covered in fur. (AC +1) [Xom's
                  | grace]
  3508 | D:3      | Reached skill level 5 in Fighting
  3512 | D:3      | Reached XP level 7. HP: 51/67 MP: 7/7
  3515 | D:3      | XOM: harmless Ice miscast
  3589 | D:3      | XOM: god gift: 38 gold pieces
  3623 | D:4      | XOM: give mutations
  3623 | D:4      | Gained mutation: You are resistant to electric shocks.
                  | (rElec) [Xom's grace]
  3623 | D:4      | Gained mutation: You can exhale a cloud of poison. [Xom's
                  | grace]
  3623 | D:4      | Gained mutation: Your flesh is cold resistant. (rC+) [Xom's
                  | grace]
  3623 | D:4      | Gained mutation: You have a pair of small horns on your
                  | head. [Xom's grace]
  3646 | D:4      | Found a burning altar of Makhleb.
  3670 | D:4      | Reached skill level 6 in Stealth
  3729 | D:4      | Reached skill level 1 in Polearms
  3837 | D:4      | Found Niyrheix's Antique Weapon Emporium.
  3848 | D:4      | Bought a smoking spear for 176 gold pieces
  3848 | D:4      | Identified the +5 spear of the Neverending Queens {freeze,
                  | rC+} (You bought it in a shop on level 4 of the Dungeon)
  4068 | D:5      | Entered Level 5 of the Dungeon
  4115 | D:5      | Noticed Sigmund
  4370 | D:5      | Reached skill level 2 in Throwing
  4386 | D:5      | Reached skill level 2 in Polearms
  4471 | D:5      | Found Buyriu's Gadget Shoppe.
  4535 | D:5      | XOM: scenery: 2 doors close
  4553 | D:5      | XOM: give mutation
  4553 | D:5      | Gained mutation: Your mind is very acute. (Int +4) [Xom's
                  | grace]
  4673 | D:4      | HP: 6/67 [Menkaure (12)]
  4674 | D:4      | Slain by Menkaure

Vanquished Creatures
  A scorpion (D:4)
  A hound (D:4)
  7 orc wizards
  A bullfrog skeleton (D:5)
  4 worker ants
  10 adders
  A shadow imp (D:4)
  An adder skeleton (D:4)
  3 dart slugs
  5 leopard geckos
  23 orcs
  9 bats
  7 giant cockroaches
  7 goblins
  8 hobgoblins
  8 jackals
  6 kobolds
  14 frilled lizards
  8 rats
124 creatures vanquished.

Vanquished Creatures (collateral kills)
  2 orcs (D:3)
2 creatures vanquished.

Vanquished Creatures (others)
  A dart slug (D:1)
  3 plants (D:2)
4 creatures vanquished.

Grand Total: 130 creatures vanquished
